 Dungeon Crawl Stone Soup version 0.21.1-1-g345015fe64 (webtiles) character file.

119 RageMage the Skirmisher (level 4, 0/42 HPs)
             Began as a Minotaur Berserker on May 13, 2018.
             Was a Believer of Trog.
             Slain by an orc warrior
             ... wielding a +0 scimitar
              (20 damage)
             ... on level 2 of the Dungeon.
             The game lasted 00:05:57 (1432 turns).

RageMage the Skirmisher (Minotaur Berserker)        Turns: 1432, Time: 00:05:57

Health: 0/42       AC:  5    Str: 22    XL:     4   Next: 74%
Magic:  3/3        EV: 12    Int:  4    God:    Trog [**....]
Gold:   24         SH:  0    Dex: 13    Spells: 3/3 levels left

rFire    . . .     SeeInvis .   a - +1 falchion
rCold    . . .     Gourm    .   (no shield)
rNeg     . . .     Faith    .   k - +0 ring mail (curse)
rPois    .         Spirit   .   (helmet restricted)
rElec    .         Reflect  .   (no cloak)
rCorr    .         Harm     .   (no gloves)
MR       .....                  (no boots)
Stlth    +.........             (no amulet)
HPRegen  0.14/turn              l - +3 ring of dexterity
MPRegen  0.08/turn              (no ring)

@: no status effects
A: retaliatory headbutt, horns 2
a: Berserk, Trog's Hand, Burn Spellbooks, Renounce Religion


You were on level 2 of the Dungeon.
You worshipped Trog.
Trog was pleased with you.
You were not hungry.

You visited 1 branch of the dungeon, and saw 2 of its levels.

You collected 24 gold pieces.

Inventory:

Hand Weapons
 a - a +1 falchion (weapon)
Armour
 b - a +0 animal skin
 k - a cursed +0 ring mail (worn)
Jewellery
 l - a +3 ring of dexterity (left hand)
 r - an uncursed ring of stealth {unknown}
Scrolls
 d - a scroll of amnesia {unknown}
 e - 2 scrolls of teleportation
 g - a scroll of random uselessness
 h - 4 scrolls of identify
 j - a scroll of fog {unknown}
 o - a scroll of blinking {unknown}
Potions
 f - 3 potions of curing
 i - a potion of heal wounds {unknown}
 m - a potion of agility {unknown}
 n - a potion of magic {unknown}
 p - a potion of might {unknown}
Comestibles
 c - 2 rations
 q - a chunk of flesh


   Skills:
 + Level 5.0 Fighting
 + Level 4.9 Long Blades
 + Level 3.3 Armour
 + Level 2.7 Dodging


You had 3 spell levels left.
You didn't know any spells.

Dungeon Overview and Level Annotations

Branches:
Dungeon (2/15)

Altars:
Cheibriados


Innate Abilities, Weirdness & Mutations

You reflexively headbutt those who attack you in melee.
You have a pair of horns on your head.


Message History

Found a stone staircase leading down.
You see here a dart slug corpse.
An orc wizard comes into view. It is wielding a dagger.
You see here a ration.
An orc warrior and an orc wizard come into view.
The orc warrior shouts!
The orc wizard hits you with a dagger.
Found a stone staircase leading up.
You hit the orc wizard.
The orc wizard is moderately wounded.
The orc wizard gestures wildly while chanting.
The orc wizard blinks!
The orc wizard completely misses you.
You slash the orc wizard!
The orc wizard is almost dead.
The orc warrior hits you with a scimitar!
The orc wizard hits you but does no damage.
You miss the orc wizard.
The orc wizard is almost dead.
The orc warrior hits you with a scimitar!!
You die...

.# .# ### <. .# ..#
.# .### .# #.# .#
#...> .# #.# # .#
##### .# #.# #§##.##
.# #.# #.#...#####
## ##.# #.oo.......
####..##########@..#
..(†...........%..##
####.###.###.######
#.# #.# #.# #.# #.#
#.# #.# #.# #.# #>#
#.# #.# ###### #.#
#.# #.# #..... #.#
#.# #.# #.###.


You could see an orc warrior and an orc wizard.

Vanquished Creatures
  An orc wizard (D:2)
  4 adders (D:2)
  A worm (D:2)
  2 dart slugs (D:2)
  A leopard gecko (D:2)
  3 orcs (D:2)
  2 giant cockroaches (D:2)
  8 hobgoblins
  5 jackals (D:1)
  4 ball pythons
  3 bats
  A frilled lizard (D:2)
  7 goblins
  2 kobolds
  4 rats
48 creatures vanquished.

Notes
Turn   | Place    | Note
-------+----------+-------------------------------------------
     0 | D:1      | RageMage the Minotaur Berserker began the quest for the Orb.
     0 | D:1      | Reached XP level 1. HP: 19/19 MP: 0/0
   397 | D:1      | Reached XP level 2. HP: 27/27 MP: 1/1
   475 | D:1      | Reached skill level 4 in Fighting
   713 | D:2      | Reached XP level 3. HP: 34/34 MP: 2/2
   942 | D:2      | Reached ** piety under Trog
   942 | D:2      | Reached XP level 4. HP: 31/41 MP: 3/3
  1203 | D:2      | Reached skill level 5 in Fighting
  1233 | D:2      | Found a snail-covered altar of Cheibriados.
  1429 | D:2      | Noticed an orc warrior
  1432 | D:2      | Slain by an orc warrior

Skill      XL: |  1  2  3  4 |
---------------+-------------+-----
Long Blades    | 4 |  4.9
Fighting       | 4 5 |  5.0
Armour         | 3 |  3.3
Dodging        | |  2.7

Action                   |  1- 3 |  4- 6 || total
-------------------------+-------+-------++-------
Melee: Falchion          |    49 |    40 ||    89
       Headbutt          |    11 |     8 ||    19
  Use: Scroll            |     4 |       ||     4
  Eat: Ration            |       |     1 ||     1
Armor: Animal skin       |     2 |       ||     2
       Ring mail         |    15 |    11 ||    26
Dodge: Dodged            |    38 |    18 ||    56
       Rpst.: Falchion   |    14 |     1 ||    15
